 Dungeon Crawl Stone Soup version 0.20.1-1-g8b1a95d (webtiles) character file.

377531 Gargoyl the Hoplite (level 22, -11/200 HPs)
             Began as a Minotaur Abyssal Knight on July 29, 2017.
             Was the Champion of Lugonu.
             Killed from afar by an ogre mage (33 damage)
             ... with a bolt of fire
             ... on level 4 of the Vaults.
             The game lasted 01:32:30 (44809 turns).

Gargoyl the Hoplite (Minotaur Abyssal Knight)      Turns: 44809, Time: 01:32:30

Health: -11/200    AC: 38    Str: 23    XL:     22   Next: 12%
Magic:  29/29      EV: 12    Int:  9    God:    Lugonu [******]
Gold:   2596       SH: 39    Dex: 30    Spells: 21/21 levels left

rFire    . . .     SeeInvis .   r - +6 broad axe (elec)
rCold    . . .     Gourm    .   t - +8 large shield
rNeg     . . .     Faith    .   J - +0 crystal plate armour "Wuojucw" {-Cast Dex+6}
rPois    +         Spirit   .   j - +2 hat
rElec    .         Reflect  +   G - +0 cloak of Recklessness {MR+ Dex+4}
rCorr    .         Harm     .   i - +2 pair of gloves
MR       +++..     NoCast   +   a - +2 pair of boots of the Lair of Beasts {Slay+3}
Stlth    ..........             f - +5 amulet of reflection
Regen    0.5/turn               P - +6 ring of dexterity
MPRegen  0.3/turn               S - +3 ring of evasion

@: slowed, very slow
A: retaliatory headbutt, horns 2, talons 1, low mp 1, magic resistance 1, poison
resistance
}: 1/15 runes: gossamer
a: Depart the Abyss, Bend Space, Banish, Corrupt, Enter the Abyss, Brand Weapon
With Distortion, Renounce Religion


You were on level 4 of the Vaults.
You worshipped Lugonu.
Lugonu was exalted by your worship.
You were not hungry.

You visited 6 branches of the dungeon, and saw 34 of its levels.
You visited the Abyss 1 time.
You also visited: Labyrinth.

You collected 4713 gold pieces.
You spent 2117 gold pieces at shops.

Inventory:

Hand Weapons
 r - a +6 broad axe of electrocution (weapon)
 x - a +5 war axe of flaming
 Y - a +2 broad axe of draining
Missiles
 y - 15 javelins (quivered)
Armour
 a - the +2 pair of boots of the Lair of Beasts (worn) {Slay+3}
   (You bought it in a shop on level 3 of the Elven Halls)

   It affects your accuracy and damage with ranged weapons and melee attacks
   (+3).
 i - a +2 pair of gloves (worn)
 j - a +2 hat (worn)
 t - a +8 large shield (worn)
 G - the +0 cloak of Recklessness (worn) {MR+ Dex+4}
   (You acquired it on level 3 of the Lair of Beasts)

   It affects your dexterity (+4).
   It affects your resistance to hostile enchantments.
 J - the +0 crystal plate armour "Wuojucw" (worn) {-Cast Dex+6}
   (You acquired it on level 8 of the Dungeon)

   It affects your dexterity (+6).
   It prevents spellcasting.
Jewellery
 f - a +5 amulet of reflection (around neck)
 A - an uncursed ring of positive energy
 P - a +6 ring of dexterity (left hand)
 S - a +3 ring of evasion (right hand)
Scrolls
 g - 12 scrolls of remove curse
 h - 22 scrolls of teleportation
 m - 14 scrolls of identify
 q - 5 scrolls of recharging
 z - 6 scrolls of blinking
 C - a scroll of magic mapping
 N - 2 scrolls of fear
 Q - 7 scrolls of fog
Potions
 d - 7 potions of brilliance
 e - 5 potions of heal wounds
 k - a potion of resistance
 p - 5 potions of might
 u - 2 potions of magic
 v - 2 potions of cancellation
 w - 5 potions of agility
 E - 7 potions of flight
 I - 5 potions of ambrosia
 K - 11 potions of curing
 M - 2 potions of berserk rage
 V - 2 potions of invisibility
 X - 5 potions of haste
Comestibles
 b - 27 fruits
 c - 19 bread rations
 l - 4 chunks of flesh
 n - 24 meat rations
 F - 24 royal jellies


   Skills:
 + Level 17.3 Fighting
 + Level 20.5 Axes
 + Level 1.2 Throwing
 * Level 20.0 Armour
 + Level 4.5 Dodging
 + Level 22.7 Shields
 * Level 16.5 Invocations
   Level 1.0 Evocations


You had 21 spell levels left.
You didn't know any spells.

Dungeon Overview and Level Annotations

Branches:
Dungeon (15/15)            Temple (0/1) D:5            Lair (6/6) D:8
 Shoals (0/4) Lair:4       Spider (4/4) Lair:3        Slime (0/5) Lair:5
    Orc (2/2) D:12            Elf (3/3) Orc:2        Vaults (4/5) D:13
  Crypt (0/3) Vaults:2     Depths (0/5) D:15

Altars:
Cheibriados
Elyvilon
Fedhas
Kikubaaqudgha
Qazlal
Xom
Yredelemnul
Zin
Beogh
Jiyva

Shops:
D:5 (   D:8 =   Orc:1 (   Orc:2 [?%=}   Elf:1 ?*(**   Elf:3 }:[?   Vaults:3 [
Vaults:4 *

Annotations:
Lair:5 exclusion: ice statue


Innate Abilities, Weirdness & Mutations

You reflexively headbutt those who attack you in melee.
You have a pair of horns on your head.
You have sharp toenails.
Your magical capacity is low. (-10% MP)
You are resistant to hostile enchantments. (MR+)
Your system is resistant to poisons. (rPois)


Message History

Deactivating autopickup; reactivate with Ctrl-A.
The ogre mage casts a spell.
The ogre mage blinks!
Something hits you but does no damage. You block something's attack.
Items here: ( ))))) [[ ††† The ogre mage casts a spell.
The ogre mage blinks!
You block something's attack. Something hits you but does no damage.
There is an open door here.
You miss something. You headbutt something! Lugonu accepts your kill.
Reactivating autopickup.
You feel a bit more experienced.
Items here: ( ))))) [[ ††† The ogre mage casts a spell at you.
The bolt of fire hits you!
* * * LOW HITPOINT WARNING * * *
The ogre mage points at you and mumbles some strange words.
The bolt of fire hits you!
You die...

#........#
#....#...##### #
#..#.....#...# ..
#.....#..#...# ...
######...#....'..'###'..
..............####...#
....#....#######.#...#
#......#)# ##'#(..#
...#...@)# #..(#'#'..
......#))# #...#.#...
.........# #.(.### ..
#######'## ##'## ##
.'....O.# #..### .#
##.....<# #..'.# ..#
#......# #..#'##'#
#......# ####..'.#
.#......# #.'..####


You could see an ogre mage.

Vanquished Creatures
  Rupert (Lair:3)
  A titan (Vaults:4)
  A deep elf master archer (Elf:3)
  3 deep elf blademasters
  Gastronok (D:9)
  A tengu reaver (Vaults:4)
  A sphinx (Vaults:4)
  Donald (Spider:1)
  2 frost giants (Vaults:3)
  7 deep elf sorcerers
  3 fire giants
  11 vault wardens
  An orc warlord (Orc:1)
  5 ghost moths
  2 deep elf elementalists (Elf:3)
  18 ironheart preservers
  4 emperor scorpions
  4 deep elf demonologists
  5 entropy weavers
  8 stone giants
  9 deep elf annihilators
  A dire elephant (Lair:6)
  A spark wasp (Spider:4)
  2 ettins
  5 deep elf death magi
  A minotaur (Lab)
  2 fire dragons (Vaults:3)
  9 ogre magi
  Josephine (Orc:2)
  2 deep elf high priests (Elf:3)
  9 yaktaur captains
  A crystal guardian (Vaults:4)
  4 great orbs of eyes
  14 vault guards
  A rakshasa (Vaults:2)
  8 centaur warriors
  7 hydras
  Erolcha (D:11)
  Erica (Lair:2)
  The ghost of Teleutos the Grappler, a novice TrBe of Trog (D:8)
  39 two-headed ogres
  3 ice dragons
  A deep troll shaman (Vaults:3)
  A death knight (D:10)
  23 dancing weapons
  3 tengu warriors
  8 death scarabs (Spider:4)
  6 death yaks
  2 orc high priests
  Urug (Lair:2)
  16 deep elf knights
  3 shadow wraiths
  A fire crab (shapeshifter) (D:10)
  A spectral emperor scorpion (Spider:4)
  The ghost of muxecoid the Quickloader, a novice FoHu of Okawaru (D:9)
  7 skeletal warriors
  3 wizards
  2 unseen horrors (shapeshifter)
  2 glowing orange brains
  3 unseen horrors
  16 deep trolls
  9 deep elf archers
  A flayed ghost (Vaults:4)
  10 ironbrand convokers
  4 spectral wolf spiders (Spider:4)
  2 wolf spider zombies
  4 harpies (Vaults:2)
  37 wolf spiders
  An orb spider (shapeshifter) (D:15)
  21 ugly things
  22 orc knights
  15 orb spiders
  56 deep elf magi
  A faun (Elf:2)
  2 manticores (D:15)
  5 cyclopes
  A merfolk siren (Lair:4)
  A moth of wrath (Spider:4)
  7 black mambas
  16 vault sentinels
  12 spiny frogs
  The ghost of Nidhoragg the Thaumaturge, a novice DESu of Sif Muna (D:7)
  2 torpor snails
  17 demonic crawlers
  23 yaktaurs
  2 spectral redbacks (Spider:4)
  2 komodo dragons
  A kobold demonologist (D:10)
  3 rime drakes
  3 freezing wraiths
  An efreet (D:13)
  A redback zombie (Spider:4)
  14 trolls
  35 jumping spiders
  3 meliai (D:13)
  A meliai (shapeshifter) (Vaults:3)
  A polar bear (shapeshifter) (Vaults:1)
  13 blink frogs
  A harpy skeleton (D:15)
  4 spectral tarantellas (Spider:4)
  13 polar bears
  2 spectral jumping spiders (Spider:4)
  A jumping spider zombie (Spider:4)
  2 tarantella zombies (Spider:4)
  A wind drake (shapeshifter) (Vaults:1)
  10 hornets
  A snapping turtle (shapeshifter) (Elf:2)
  15 dream sheep (Lair:6)
  5 hippogriffs
  32 slime creatures
  A meliai zombie (D:14)
  A centaur simulacrum (D:15)
  A redback (shapeshifter) (Vaults:1)
  7 water elementals
  73 redbacks
  2 shadows
  2 air elementals
  34 tarantellas
  A spriggan (shapeshifter) (Vaults:4)
  6 basilisks
  5 wraiths
  3 fire elementals
  59 yaks
  Grum (D:9)
  A hungry ghost (D:12)
  14 wargs
  2 soldier ants
  2 acid dragons
  2 spectral hornets (Spider:4)
  17 water moccasins
  15 hell hounds (Lair:6)
  65 orc warriors
  6 ice beasts
  11 porcupines
  A hornet zombie (D:14)
  An eye of draining (shapeshifter) (D:10)
  A phantom (D:4)
  An ice beast (shapeshifter) (Vaults:3)
  16 black bears
  A necrophage (D:6)
  3 sky beasts
  43 ogres
  2 eyes of draining
  8 boggarts (Vaults:3)
  17 wolves
  24 centaurs
  14 crocodiles
  2 big kobolds
  3 earth elementals
  29 bullfrogs
  A gnoll sergeant (D:8)
  6 scorpions
  An orc simulacrum (Vaults:1)
  6 killer bees (D:8)
  5 wights (D:12)
  3 electric eels (D:12)
  7 howler monkeys
  4 lava snakes (Lab)
  7 crimson imps
  3 centaur zombies
  A human simulacrum (Vaults:1)
  2 quasits
  10 hounds
  2 jellies
  A bullfrog skeleton (D:9)
  19 orc priests
  2 iguanas (D:4)
  21 orc wizards
  6 centaur skeletons
  14 worker ants
  Terence (D:3)
  2 hound skeletons
  A worker ant zombie (D:7)
  16 gnolls
  13 adders
  3 shadow imps
  3 white imps (Lair:5)
  An adder zombie (D:9)
  An adder skeleton (D:8)
  3 worms
  4 dart slugs
  5 leopard geckos
  129 orcs
  4 giant cockroaches
  8 goblins
  10 hobgoblins
  8 jackals
  4 quokkas
  A ball python (D:3)
  4 bats
  5 frilled lizards
  A giant cockroach zombie (D:5)
  A jackal skeleton (D:6)
  12 kobolds
  10 rats
  4 fungi
  A plant (Lair:5)
1612 creatures vanquished.

Vanquished Creatures (others)
  Asterion (Spider:1)
  A deep elf master archer (Elf:3)
  An ironheart preserver (Vaults:1)
  A yaktaur captain (Vaults:4)
  A hydra (D:8)
  2 centaur warriors
  An ogre mage (Vaults:4)
  Sonja (Lair:2)
  A deep elf knight (Elf:2)
  2 deep elf archers
  4 orb spiders (Spider:2)
  A wolf spider (Spider:2)
  2 cyclopes
  10 yaktaurs
  3 blink frogs (Lair:1)
  A redback (Spider:4)
  6 centaurs
  An orc wizard (Vaults:3)
  An orc (Orc:2)
  A kobold (D:11)
  2 bushes (Lair:6)
  18 fungi
  19 plants
81 creatures vanquished.

Grand Total: 1693 creatures vanquished

Notes
Turn   | Place    | Note
-------+----------+-------------------------------------------
     0 | Abyss:1  | Gargoyl the Minotaur Abyssal Knight began the quest for the Orb.
     0 | Abyss:1  | Reached XP level 1. HP: 19/19 MP: 1/1
    58 | Abyss:1  | Noticed a wretched star
    60 | D:1      | Escaped the Abyss
   356 | D:1      | Reached * piety under Lugonu
   398 | D:1      | Reached XP level 2. HP: 13/27 MP: 2/2
  1061 | D:1      | Reached XP level 3. HP: 31/33 MP: 3/3
  1627 | D:2      | Reached XP level 4. HP: 36/40 MP: 4/4
  1708 | D:2      | Reached ** piety under Lugonu
  2112 | D:2      | You fall through a shaft for 2 floors!
  2519 | D:3      | Found a basalt altar of Yredelemnul.
  2580 | D:3      | Found a white marble altar of Elyvilon.
  2671 | D:3      | Reached skill level 1 in Shields
  2671 | D:3      | Reached XP level 5. HP: 39/47 MP: 6/6
  2982 | D:3      | Found a shimmering altar of Xom.
  2993 | D:3      | Noticed Terence
  3003 | D:3      | Killed Terence
  3069 | D:4      | Reached skill level 2 in Shields
  3099 | D:4      | Reached *** piety under Lugonu
  3099 | D:4      | Reached XP level 6. HP: 19/55 MP: 7/7
  3468 | D:4      | Reached skill level 5 in Armour
  3468 | D:4      | Reached skill level 3 in Shields
  3508 | D:4      | Reached XP level 7. HP: 27/60 MP: 8/8
  3510 | D:4      | Reached skill level 5 in Axes
  3952 | D:4      | Reached skill level 5 in Fighting
  4465 | D:4      | Reached skill level 4 in Shields
  4603 | D:5      | Entered Level 5 of the Dungeon
  4638 | D:5      | Found Ukuc's Weapon Shop.
  4673 | D:5      | Reached XP level 8. HP: 68/68 MP: 10/10
  4765 | D:5      | Found a staircase to the Ecumenical Temple.
  4817 | D:5      | Found a glowing silver altar of Zin.
  4897 | D:5      | Gained mutation: You have sharp toenails. [mutagenic meat]
  4898 | D:5      | Gained mutation: You are resistant to hostile enchantments. (MR+) [mutagenic meat]
  4899 | D:5      | Gained mutation: Your magical capacity is low. (-10% MP) [mutagenic meat]
  4900 | D:5      | Gained mutation: Your system is resistant to poisons. (rPois) [mutagenic meat]
  5077 | D:6      | Reached **** piety under Lugonu
  5083 | D:6      | Reached skill level 5 in Shields
  5572 | D:6      | Reached skill level 5 in Invocations
  6144 | D:7      | Noticed a hornet
  6154 | D:7      | Killed a hornet
  6154 | D:7      | Reached skill level 6 in Shields
  6154 | D:7      | Reached XP level 9. HP: 31/74 MP: 10/10
  6521 | D:7      | Reached skill level 7 in Shields
  6596 | D:7      | Noticed Nidhoragg's ghost (novice DESu)
  6874 | D:7      | Killed Nidhoragg's ghost
  6874 | D:7      | Reached skill level 8 in Shields
  7028 | D:7      | Reached XP level 10. HP: 83/83 MP: 12/12
  7118 | D:7      | Reached ***** piety under Lugonu
  7416 | D:8      | Noticed a two-headed ogre
  7439 | D:8      | Killed a two-headed ogre
  7669 | D:8      | Noticed Teleutos's ghost (novice TrBe)
  7692 | D:8      | Killed Teleutos's ghost
  7692 | D:8      | Reached skill level 10 in Axes
  7692 | D:8      | Reached skill level 9 in Shields
  8370 | D:8      | Found Wulomo's Jewellery Emporium.
  8374 | D:8      | Bought a +2 ring of dexterity for 112 gold pieces
  8480 | D:8      | Found a staircase to the Lair.
  8833 | D:8      | Noticed a six-headed hydra
  8845 | D:8      | Banished a three-headed hydra
  9403 | D:9      | Noticed Grum
  9413 | D:9      | Reached XP level 11. HP: 63/91 MP: 13/13
  9419 | D:9      | Killed Grum
  9419 | D:9      | Reached skill level 10 in Shields
  9771 | D:9      | Found a blossoming altar of Fedhas.
  9912 | D:9      | Noticed muxecoid's ghost (novice FoHu)
  9934 | D:9      | Killed muxecoid's ghost
 10126 | D:9      | Noticed Gastronok
 10143 | D:9      | Killed Gastronok
 10143 | D:9      | Reached skill level 10 in Armour
 10519 | Lair:1   | Entered Level 1 of the Lair of Beasts
 10961 | Lair:1   | Noticed a seven-headed hydra
 10967 | Lair:1   | Reached skill level 11 in Shields
 10974 | Lair:1   | Killed a one-headed hydra
 10978 | Lair:1   | HP: 3/92 [blink frog (13)]
 10978 | Lair:1   | HP: 1/92 [blink frog (2)]
 11353 | Lair:1   | Noticed a six-headed hydra
 11361 | Lair:1   | Killed a two-headed hydra
 11517 | Lair:1   | Reached XP level 12. HP: 101/101 MP: 15/15
 12044 | Lair:2   | Noticed Sonja
 12050 | Lair:2   | Killed Sonja
 12059 | Lair:2   | Noticed Urug
 12086 | Lair:2   | Killed Urug
 12629 | Lair:2   | Noticed Erica
 12641 | Lair:2   | Killed Erica
 12644 | Lair:2   | Reached skill level 12 in Shields
 12983 | Lair:2   | Noticed a six-headed hydra
 12991 | Lair:2   | Killed a two-headed hydra
 13882 | Lair:3   | Noticed Rupert
 14055 | Lair:3   | Paralysed by Rupert for 4 turns
 14072 | Lair:3   | Killed Rupert
 14072 | Lair:3   | Reached XP level 13. HP: 53/111 MP: 17/17
 14339 | Lair:3   | Found a hole to the Spider Nest.
 14850 | Lair:3   | Identified a scroll of acquirement
 14851 | Lair:3   | Got an ancient cloak
 14940 | Lair:3   | Identified the +0 cloak of Recklessness {MR+ Dex+4} (You acquired it on level 3 of the Lair of Beasts)
 15342 | Lair:4   | Reached skill level 10 in Invocations
 15366 | Lair:4   | Found a stormy altar of Qazlal.
 15807 | Lair:4   | Found a staircase to the Shoals.
 16112 | Lair:5   | Reached ****** piety under Lugonu
 16153 | Lair:5   | Found a viscous altar of Jiyva.
 16153 | Lair:5   | Found a staircase to the Slime Pits.
 16323 | Lair:5   | Reached skill level 13 in Shields
 16892 | Lair:6   | Entered Level 6 of the Lair of Beasts
 16964 | Lair:6   | Got a pair of dazzling boots
 16975 | Lair:6   | Identified the +0 pair of boots "Zynusov" {*Drain Int+6} (You acquired it on level 6 of the Lair of Beasts)
 17068 | Lair:6   | Found a labyrinth entrance.
 17105 | Lab      | Entered a labyrinth
 17733 | Lab      | Noticed a minotaur
 17743 | Lab      | Killed a minotaur
 17965 | Lab      | Identified the Catalogue of Conjuration and the Frostbite
 18316 | Lair:6   | Reached skill level 10 in Fighting
 18384 | Lair:6   | Got a transparent chain mail
 18395 | Lair:6   | Identified the +0 chain mail of Odwy Uhi {rPois Str+2 Dex+3} (You found it on level 6 of the Lair of Beasts)
 19020 | Lair:6   | Reached XP level 14. HP: 88/121 MP: 18/18
 19037 | Lair:6   | Got a jewelled chain mail
 19213 | Lair:6   | Identified the +2 chain mail "Tiesuuse" {+Blink +Fly rElec Int+4} (You found it on level 6 of the Lair of Beasts)
 19635 | Lair:6   | Reached skill level 14 in Shields
 19649 | Lair:6   | Reached skill level 15 in Axes
 20609 | D:8      | Got a dazzling crystal plate armour
 20620 | D:8      | Identified the +0 crystal plate armour "Wuojucw" {-Cast Dex+6} (You acquired it on level 8 of the Dungeon)
 20664 | D:10     | Entered Level 10 of the Dungeon
 21981 | D:11     | Noticed Erolcha
 21989 | D:11     | Killed Erolcha
 22092 | D:11     | You fall through a shaft!
 22159 | D:12     | Found a staircase to the Orcish Mines.
 22665 | D:11     | Found a snail-covered altar of Cheibriados.
 23463 | D:13     | Found a gate to the Vaults.
 23474 | D:13     | Reached XP level 15. HP: 129/129 MP: 20/20
 23499 | D:13     | Reached skill level 15 in Shields
 24128 | D:13     | Found a white marble altar of Elyvilon.
 25126 | D:15     | Entered Level 15 of the Dungeon
 25202 | D:15     | Found a staircase to the Depths.
 25203 | D:15     | Noticed a fire giant
 25211 | D:15     | Killed a fire giant
 25378 | D:15     | Reached skill level 15 in Armour
 26188 | Orc:1    | Entered Level 1 of the Orcish Mines
 26334 | Orc:1    | Found Nopp's Weapon Emporium.
 26393 | Orc:1    | Found a roughly hewn altar of Beogh.
 26654 | Orc:1    | Noticed an orc warlord
 26672 | Orc:1    | Killed an orc warlord
 26672 | Orc:1    | Reached skill level 16 in Shields
 26914 | Orc:2    | Entered Level 2 of the Orcish Mines
 26943 | Orc:2    | Noticed Josephine
 26949 | Orc:2    | Killed Josephine
 26993 | Orc:2    | Reached XP level 16. HP: 102/141 MP: 21/21
 27170 | Orc:2    | Found a staircase to the Elven Halls.
 27191 | Orc:2    | Found a roughly hewn altar of Beogh.
 27277 | Orc:2    | Found Nawup's Gadget Shop.
 27457 | Orc:2    | Found Istruhues's Food Shoppe.
 27536 | Orc:2    | Found Virobbe's Jewellery Boutique.
 27702 | Orc:2    | Found a roughly hewn altar of Beogh.
 27790 | Orc:2    | Found Wyuvidgh's Antique Armour Shoppe.
 27890 | Orc:2    | Found Moloar's Magic Scroll Boutique.
 27927 | Orc:2    | Bought a scroll of teleportation for 42 gold pieces
 27927 | Orc:2    | Bought a scroll of teleportation for 42 gold pieces
 28174 | Elf:1    | Entered Level 1 of the Elven Halls
 28392 | Elf:1    | Identified the Handbook of Conjuration
 28424 | Elf:1    | Found Fiwatesoex's Magic Scroll Shoppe.
 28424 | Elf:1    | Found Nys Piso's Weapon Shoppe.
 28425 | Elf:1    | Found Futy's General Store.
 28425 | Elf:1    | Found Paqav's General Store.
 28430 | Elf:1    | Bought a scroll of teleportation for 39 gold pieces
 28430 | Elf:1    | Bought a scroll of enchant armour for 97 gold pieces
 28430 | Elf:1    | Bought a scroll of teleportation for 39 gold pieces
 28430 | Elf:1    | Bought 3 scrolls of enchant armour for 292 gold pieces
 28437 | Elf:1    | Bought a scroll of teleportation for 42 gold pieces
 28437 | Elf:1    | Bought a scroll of enchant armour for 105 gold pieces
 28441 | Elf:1    | Bought a scroll of teleportation for 33 gold pieces
 28831 | Elf:1    | Found Sonnisur's Assorted Antiques.
 28864 | Elf:1    | Bought a scroll of enchant armour for 210 gold pieces
 28864 | Elf:1    | Bought a scroll labeled RASIEV GUITHEO for 28 gold pieces
 29811 | Elf:2    | Reached skill level 17 in Shields
 30227 | Elf:2    | Found a runed gate.
 30227 | Elf:2    | Found a runed gate.
 30227 | Elf:2    | Found a runed gate.
 30491 | Elf:2    | Noticed a deep elf blademaster
 30524 | Elf:2    | Killed a deep elf blademaster
 31059 | Elf:2    | Reached XP level 17. HP: 125/150 MP: 23/23
 31338 | Elf:3    | Entered Level 3 of the Elven Halls
 31382 | Elf:3    | Found Pyffuasm's Antique Armour Emporium.
 31382 | Elf:3    | Found Lilesoil's Book Shoppe.
 31383 | Elf:3    | Found Bimuniu's Gadget Shoppe.
 31387 | Elf:3    | Found Xifekk's Magic Scroll Emporium.
 31396 | Elf:3    | Bought a scroll of teleportation for 39 gold pieces
 31396 | Elf:3    | Bought a scroll of enchant weapon for 97 gold pieces
 31400 | Elf:3    | Bought a pair of warped boots for 256 gold pieces
 31410 | Elf:3    | Identified the +2 pair of boots of the Lair of Beasts {Slay+3} (You bought it in a shop on level 3 of the Elven Halls)
 32051 | Elf:3    | Noticed a Hell Sentinel
 32055 | Elf:3    | Noticed an Ice Fiend
 32413 | Elf:3    | Reached skill level 18 in Shields
 32570 | Elf:3    | Noticed a deep elf blademaster
 32596 | Elf:2    | Killed a deep elf blademaster
 33334 | Elf:3    | Got a wavering golden amulet
 33375 | Elf:3    | Identified the amulet of Beth {RegenMP rElec SInv} (You took it off a deep elf sorcerer on level 3 of the Elven Halls)
 33388 | Elf:3    | Noticed a deep elf master archer
 33394 | Elf:3    | Killed a deep elf master archer
 33470 | Elf:3    | Noticed a deep elf master archer
 33474 | Elf:3    | Noticed a deep elf blademaster
 33483 | Elf:3    | Killed a deep elf master archer
 33488 | Elf:3    | Killed a deep elf blademaster
 33975 | Spider:1 | Entered Level 1 of the Spider Nest
 34080 | Spider:1 | Noticed Donald
 34091 | Spider:1 | Killed Donald
 34348 | Spider:1 | Noticed Asterion
 34370 | Spider:1 | Killed Asterion
 34781 | Spider:2 | Reached XP level 18. HP: 160/160 MP: 24/24
 34787 | Spider:2 | Reached skill level 19 in Shields
 35363 | Spider:2 | Reached skill level 1 in Throwing
 35363 | Spider:2 | Reached skill level 1 in Evocations
 35363 | Spider:2 | Reached XP level 19. HP: 167/167 MP: 25/25
 36200 | Spider:4 | Entered Level 4 of the Spider Nest
 37693 | Spider:4 | Reached skill level 20 in Shields
 38004 | Spider:4 | Got a gossamer rune of Zot
 38074 | Spider:4 | Reached skill level 15 in Fighting
 38528 | Vaults:1 | Entered Level 1 of the Vaults
 38862 | Vaults:1 | Reached XP level 20. HP: 176/178 MP: 26/26
 39120 | Vaults:1 | Reached skill level 15 in Invocations
 40342 | Vaults:2 | Reached skill level 21 in Shields
 40877 | Vaults:2 | Found a staircase to the Crypt.
 40877 | Vaults:2 | Found an ancient bone altar of Kikubaaqudgha.
 40878 | Vaults:2 | Found a basalt altar of Yredelemnul.
 41724 | Vaults:3 | Reached XP level 21. HP: 124/188 MP: 28/28
 42317 | Vaults:3 | Found Buime's Antique Armour Shop.
 42878 | Vaults:3 | Reached skill level 22 in Shields
 43138 | Vaults:3 | Bought a shiny shield for 345 gold pieces
 43651 | Vaults:4 | Found Maopues's General Store.
 43987 | Vaults:4 | Bought a scroll of teleportation for 39 gold pieces
 43987 | Vaults:4 | Bought a scroll of brand weapon for 260 gold pieces
 44620 | Vaults:4 | Reached XP level 22. HP: 197/199 MP: 29/29
 44809 | Vaults:4 | Killed from afar by an ogre mage

Skill      XL: |  1  2  3  4  5  6  7  8  9 10 11 12 13 14 15 16 17 18 19 20 21 |
---------------+----------------------------------------------------------------+-----
Invocations    | 2 3 4 5 6 7 8 9 10 11 12 13 14 15 16 | 16.5
Fighting       | 4 5 6 7 9 10 11 12 13 14 15 16 17 | 17.3
Armour         | 3 4 5 7 8 9 10 12 13 14 15 16 17 18 19 20 | 20.0
Axes           | 3 4 6 7 9 10 12 13 14 15 16 18 19 20 | 20.5
Shields        | 1 2 3 4 6 8 9 11 12 13 14 16 17 18 19 20 21 22 | 22.7
Dodging        | 2 3 4 |  4.5
Throwing       | 1 |  1.2
Evocations     | 1 |  1.0

Action                   |  1- 3 |  4- 6 |  7- 9 | 10-12 | 13-15 | 16-18 | 19-21 | 22-24 || total
-------------------------+-------+-------+-------+-------+-------+-------+-------+-------++-------
Melee: Hand axe          |    83 |   105 |       |       |       |       |       |       ||   188
       Headbutt          |     8 |    26 |    65 |   124 |   414 |   310 |   550 |    16 ||  1513
       War axe           |       |    88 |   352 |   548 |  1191 |       |       |       ||  2179
       Broad axe         |       |       |       |       |       |   865 |  1306 |    34 ||  2205
Throw: Javelin           |       |       |       |       |     1 |       |       |       ||     1
Invok: Depart the Abyss  |     1 |       |       |       |       |       |       |       ||     1
       Banish            |       |       |       |     4 |       |     5 |       |       ||     9
       Bend Space        |       |       |       |       |     8 |       |       |       ||     8
  Use: Scroll            |     5 |     1 |     5 |    11 |    23 |    15 |     4 |       ||    64
       Potion            |       |       |       |     8 |       |     1 |     1 |     1 ||    11
 Stab: Distracted        |       |       |       |       |     1 |       |     2 |       ||     3
       Held in net/web   |       |       |       |       |       |     2 |       |       ||     2
  Eat: Chunk             |     2 |     7 |    14 |    16 |    35 |    28 |    29 |     1 ||   132
       Bread ration      |       |       |       |     2 |     1 |       |       |       ||     3
       Royal jelly       |       |       |       |       |     2 |       |     1 |       ||     3
Armor: Leather armour    |    12 |       |       |       |       |       |       |       ||    12
       Ring mail         |    10 |    14 |       |       |       |       |       |       ||    24
       Chain mail        |       |    94 |   199 |   156 |    88 |       |       |       ||   537
       Plate armour      |       |       |       |    87 |   128 |       |       |       ||   215
       Crystal plate arm |       |       |       |       |   230 |   253 |   446 |    10 ||   939
Dodge: Dodged            |    48 |    39 |    56 |    87 |   194 |    93 |   228 |    11 ||   756
Block: Other             |    20 |    23 |       |       |       |       |       |       ||    43
       Large shield      |       |   170 |   471 |   752 |  1443 |  1202 |  2075 |    49 ||  6162
       Reflection        |       |     8 |    16 |    17 |    57 |    81 |   156 |     2 ||   337
